 Dungeon Crawl Stone Soup version 0.21.1-1-g345015f (webtiles) character file.

2552 miragecloak the Cleaver (level 9, -2/65 HPs)
             Began as a Formicid Abyssal Knight on Mar 20, 2018.
             Was a Priest of Lugonu.
             Slain by a wolf (8 damage)
             ... led by Grum
             ... on level 9 of the Dungeon on Mar 28, 2018.
             The game lasted 00:15:08 (7365 turns).

miragecloak the Cleaver (Formicid Abyssal Knight)   Turns: 7365, Time: 00:15:09

Health: -2/65      AC:  7    Str: 20    XL:     9   Next: 86%
Magic:  14/14      EV: 10    Int: 12    God:    Lugonu [***...]
Gold:   413        SH:  4    Dex: 10    Spells: 8/8 levels left

rFire    + . .     SeeInvis +   r - +0 war axe
rCold    . . .     Gourm    .   g - +0 buckler
rNeg     . . .     Faith    .   p - +2 ring mail {rF+}
rPois    +         Spirit   .   (helmet unavailable)
rElec    .         Reflect  .   (no cloak)
rCorr    +         Harm     .   C - -1 pair of gloves (curse)
MR       .....                  (no boots)
Stlth    ..........             k - amulet of regeneration
HPRegen  0.60/turn              y - ring of resist corrosion
MPRegen  0.14/turn              z - ring of poison resistance

@: no status effects
A: permanent stasis, dig shafts and tunnels, four strong arms, antennae 3
a: Dig, Shaft Self, Depart the Abyss, Bend Space, Banish, Renounce Religion


You were on level 9 of the Dungeon.
You worshipped Lugonu.
Lugonu was most pleased with you.
You were not hungry.

You visited 1 branch of the dungeon, and saw 10 of its levels.
You visited the Abyss 1 time.

You collected 413 gold pieces.

Inventory:

Hand Weapons
 a - a +1 hand axe
 r - a +0 war axe (weapon)
Armour
 g - a +0 buckler (worn)
 p - a +2 ring mail of fire resistance (worn)
 v - a +0 shield
 w - +0 fire dragon scales
 C - a cursed -1 pair of gloves (worn)
Jewellery
 k - an amulet of regeneration (around neck)
 y - a ring of resist corrosion (left hand)
 z - a ring of poison resistance (right hand)
Scrolls
 b - 2 scrolls of enchant armour {unknown}
 d - 2 scrolls of fog {unknown}
 e - a scroll of enchant weapon {unknown}
 f - 4 scrolls of fear
 h - 2 scrolls of remove curse
 i - 6 scrolls of identify
 m - 2 scrolls of teleportation {unknown}
 o - a scroll of random uselessness {unknown}
 u - 3 scrolls of amnesia {unknown}
 x - a scroll of acquirement {unknown}
Potions
 l - 3 potions of brilliance
 n - 2 potions of ambrosia {unknown}
 q - a potion of berserk rage {unknown}
 s - 3 potions of haste
 B - a potion of magic {unknown}
Books
 j - a book of Callings

   Spells                             Type                      Level
   a - Summon Small Mammal            Summoning                    1
   b - Call Imp                       Summoning                    2
   c - Call Canine Familiar           Summoning                    3
   d - Summon Guardian Golem          Hexes/Summoning              3
   e - Summon Lightning Spire         Summoning/Air                4
   f - Summon Ice Beast               Ice/Summoning                4
 A - a book of Cantrips

   Spells                             Type                      Level
   a - Confusing Touch                Hexes                        1
   b - Animate Skeleton               Necromancy                   1
   c - Summon Small Mammal            Summoning                    1
   d - Apportation                    Translocation                1
Comestibles
 c - 8 rations


   Skills:
 - Level 4.0 Fighting
 + Level 10.4 Axes
 - Level 3.0 Armour
 - Level 0.8 Dodging
 - Level 4.3 Shields
 - Level 7.0 Invocations


You had 8 spell levels left.
You didn't know any spells.

Dungeon Overview and Level Annotations

Branches:
Dungeon (10/15)            Temple (0/1) D:7
   Lair: D:8-11         Orc: D:9-12

Altars:
Cheibriados
Dithmenos
Hepliaklqana
Nemelex Xobeh
Qazlal
The Shining One

Annotations:
D:2 Robin
D:4 Ratty's ghost, amateur DENe
D:10 Grum


Innate Abilities, Weirdness & Mutations

You cannot be hasted, slowed, berserked, paralysed or teleported.
You can dig through walls and to a lower floor.
Your four strong arms can wield two-handed weapons with a shield.
You have a pair of large antennae on your head. (SInv)


Message History

You closely miss the wolf.
The wolf is almost dead.
You slash the wolf! The wolf misses you. The wolf bites you but does no damage.
The wolf barely misses you. The wolf bites you.
* * * LOW HITPOINT WARNING * * *
You slash the wolf!
You kill the wolf!
Lugonu accepts your kill.
Training target 7.0 for Invocations reached!
Your Invocations skill increases to level 7!
You need to enable at least one skill for training.
You barely miss the wolf.
Okay, then.
Okay, then.
You slash the wolf!
The wolf is severely wounded.
You hit the wolf. The wolf bites you!
* * * LOW HITPOINT WARNING * * *
The wolf bites you!
You die...

#(######..#...............#
(.........#...............#
..........#.....#####.....#
..........#.....#...#.....#
..........#.....#...#.....#
..#########.....#...#.....##
###.............#...+......#
................#...#......#
...............h@...#......#####
...............h#####..........#
..............................^#
.........###...>.....####......#
.........#.#.........#..######.#
.........#.'.........#....=..#.#
.........#.#.........#.......#.##
.........#.########..#.......#..#
......####........#..#####...#..#


You could see 2 wolves.

Vanquished Creatures
  An ice beast (D:10)
  An orc warrior (D:8)
  A sky beast (D:10)
  2 ogres
  3 phantoms
  3 centaurs
  A wolf (D:9)
  A bullfrog (D:8)
  A big kobold (D:8)
  3 scorpions
  A water moccasin skeleton (D:10)
  A howler monkey (D:5)
  A crimson imp (D:6)
  2 jellies
  2 centaur zombies
  5 orc priests
  4 orc wizards
  2 bullfrog skeletons (D:6)
  A bullfrog zombie (D:5)
  5 hounds
  2 iguanas
  Natasha (twice) (D:2)
  4 worker ants
  A hound zombie (D:9)
  A mummy (D:7)
  2 worker ant zombies
  5 adders
  A shadow imp (D:10)
  An adder zombie (D:5)
  An adder skeleton (D:5)
  2 worms (D:2)
  3 dart slugs (D:1)
  A leopard gecko (D:3)
  17 orcs
  A ball python (D:3)
  5 bats
  A giant cockroach (D:1)
  7 goblins
  3 hobgoblins
  2 quokkas
  3 frilled lizards
  A jackal zombie (D:5)
  7 kobolds
  A leopard gecko skeleton (D:5)
  2 quokka skeletons
  A quokka zombie (D:5)
  11 rats
129 creatures vanquished.

Vanquished Creatures (others)
  A hornet (D:8)
1 creature vanquished.

Grand Total: 130 creatures vanquished

Notes
Turn   | Place    | Note
-------+----------+-------------------------------------------
     0 | Abyss:1  | miragecloak the Formicid Abyssal Knight began the quest for the Orb.
     0 | Abyss:1  | Reached XP level 1. HP: 18/18 MP: 2/2
    11 | Abyss:1  | Found a corrupted altar of Lugonu.
    69 | Abyss:1  | Noticed a raiju
    69 | D:1      | Escaped the Abyss
   187 | D:1      | Reached XP level 2. HP: 20/24 MP: 3/3
   273 | D:1      | Reached * piety under Lugonu
   335 | D:1      | Reached skill level 1 in Shields
   539 | D:1      | Reached XP level 3. HP: 20/29 MP: 4/4
  1240 | D:2      | Noticed Natasha
  1247 | D:2      | Killed Natasha
  1247 | D:2      | Reached XP level 4. HP: 19/35 MP: 5/5
  1751 | D:2      | Noticed Natasha
  1766 | D:2      | Killed Natasha
  1827 | D:2      | Reached XP level 5. HP: 39/41 MP: 6/6
  1873 | D:2      | Reached skill level 3 in Axes
  1917 | D:2      | Noticed Robin
  2448 | D:3      | Reached ** piety under Lugonu
  2906 | D:4      | You fall through a shaft!
  2906 | D:5      | Entered Level 5 of the Dungeon
  3055 | D:5      | Reached XP level 6. HP: 21/48 MP: 7/7
  3129 | D:5      | Reached skill level 4 in Axes
  3333 | D:5      | Noticed an ogre
  3340 | D:5      | Killed an ogre
  3340 | D:5      | Reached skill level 5 in Axes
  3340 | D:5      | Reached XP level 7. HP: 5/54 MP: 8/8
  3758 | D:5      | Reached skill level 6 in Axes
  3805 | D:4      | Noticed Ratty's ghost (amateur DENe)
  3977 | D:5      | Found a shadowy altar of Dithmenos.
  3979 | D:5      | Found a stormy altar of Qazlal.
  4615 | D:6      | Reached skill level 7 in Axes
  4615 | D:6      | Reached XP level 8. HP: 57/60 MP: 9/9
  4740 | D:6      | Found a sparkling altar of Nemelex Xobeh.
  4848 | D:6      | Reached skill level 8 in Axes
  4899 | D:7      | Found a snail-covered altar of Cheibriados.
  5123 | D:7      | Found a staircase to the Ecumenical Temple.
  5383 | D:8      | Reached skill level 9 in Axes
  5566 | D:8      | Found a glowing golden altar of the Shining One.
  5591 | D:8      | Reached XP level 9. HP: 65/65 MP: 10/10
  5759 | D:8      | Noticed a two-headed ogre
  5830 | D:8      | Reached skill level 10 in Axes
  5883 | D:8      | Reached *** piety under Lugonu
  5929 | D:8      | Noticed a hornet
  5942 | D:8      | Banished a hornet
  6367 | D:9      | Found a hazy altar of Hepliaklqana.
  6716 | D:9      | Reached skill level 5 in Invocations
  7112 | D:10     | Entered Level 10 of the Dungeon
  7330 | D:10     | Noticed Grum
  7360 | D:9      | HP: 2/65 [wolf[Grum] (3)]
  7365 | D:9      | Slain by a wolf

Skill      XL: |  1  2  3  4  5  6  7  8  9 |
---------------+----------------------------+-----
Shields        | 1 3 4 |  4.3
Axes           | 3 5 7 9 10 | 10.4
Fighting       | 4 |  4.0
Armour         | 3 |  3.0
Invocations    | 7 |  7.0
Dodging        | |  0.8

Action                   |  1- 3 |  4- 6 |  7- 9 || total
-------------------------+-------+-------+-------++-------
Melee: Hand axe          |    54 |   154 |    27 ||   235
       War axe           |       |    48 |   348 ||   396
Invok: Depart the Abyss  |     1 |       |       ||     1
       Banish            |       |       |     1 ||     1
 Abil: Shaft Self        |       |     1 |       ||     1
  Use: Potion            |       |     2 |     3 ||     5
       Scroll            |       |     2 |       ||     2
  Eat: Ration            |       |     2 |     2 ||     4
       Chunk             |       |     2 |     6 ||     8
Armor: Leather armour    |    11 |    20 |       ||    31
       Ring mail         |       |    30 |   128 ||   158
       Skin              |       |    11 |       ||    11
Dodge: Dodged            |    25 |   119 |   177 ||   321
Block: Buckler           |     6 |    42 |    69 ||   117
